 Dungeon Crawl Stone Soup version 0.21.1-1-g345015f (webtiles) character file.

40 diana the Sneak (level 3, 0/18 HPs)
             Began as a Vine Stalker Assassin on June 2, 2018.
             Slain by a ball python (1 damage)
             ... on level 2 of the Dungeon.
             The game lasted 00:02:27 (1200 turns).

diana the Sneak (Vine Stalker Assassin)             Turns: 1200, Time: 00:02:28

Health: 0/18       AC:  3    Str: 13    XL:     3   Next: 50%
Magic:  0/4        EV: 11    Int: 11    God:
Gold:   28         SH:  0    Dex: 16    Spells: 2/2 levels left

rFire    . . .     SeeInvis +   a - +2 dagger
rCold    . . .     Gourm    .   (no shield)
rNeg     . . .     Faith    .   c - +0 robe
rPois    .         Spirit   +   (no helmet)
rElec    .         Reflect  .   d - +0 cloak
rCorr    .         Harm     .   (no gloves)
MR       .....                  (no boots)
Stlth    +++.......             (no amulet)
HPRegen  0.06/turn              h - ring of see invisible
MPRegen  0.09/turn              (no ring)

@: no status effects
A: fangs 2, magic shield, antimagic bite, no potion heal 3, rot immunity
a: no special abilities


You were on level 2 of the Dungeon.
You were hungry.

You visited 1 branch of the dungeon, and saw 2 of its levels.

You collected 28 gold pieces.

Inventory:

Hand Weapons
 a - a +2 dagger (weapon)
 b - a +0 blowgun
Missiles
 e - 28 poisoned needles
 f - 2 curare-tipped needles
Armour
 c - a +0 robe (worn)
 d - a +0 cloak (worn)
Jewellery
 h - a ring of see invisible (left hand)
Scrolls
 k - a scroll of amnesia
Comestibles
 g - a ration


   Skills:
 - Level 1.7 Fighting
 + Level 2.7 Short Blades
 - Level 1.7 Throwing
 - Level 0.7 Dodging
 + Level 5.7 Stealth


You had 2 spell levels left.
You didn't know any spells.

Dungeon Overview and Level Annotations

Branches:
Dungeon (2/15)

Altars:


Innate Abilities, Weirdness & Mutations

You have extremely sharp teeth.
When hurt, damage is shared between your health and your magic reserves.
Your bite disrupts and absorbs the magic of your enemies.
Potions cannot restore your health.
You are immune to rotting.


Message History

The hobgoblin hits you.
* * * LOW HITPOINT WARNING * * *
That item cannot be evoked!
Found a ration.
The ball python closely misses you. x2
The frilled lizard bites you but does no damage.
The frilled lizard bites you but does no damage.
The ball python bites you but does no damage.
The ball python barely misses you. The ball python closely misses you.
The ball python grabs you. The ball python constricts you.
The frilled lizard bites you but does no damage.
You escape the ball python's grasp.
The hobgoblin hits you.
The frilled lizard bites you but does no damage.
The ball python barely misses you. The ball python misses you.
The ball python bites you.
* * * LOW HITPOINT WARNING * * *
The ball python closely misses you.
You open the door. The ball python bites you.
You die...

.)........'.(....................
)....#....############......).#..
.<#†##....# #####....(...###
###.####### #............# #
.........###### #............# #
###......##...# #............# #
#......##...####............###
#......##....S.#......#†......#
............lgg@'...............
...#####.......l.########.......#
g.. #....%....# #.......# ###
#.........# ######### #####.....#
##....# ######


You could see a hobgoblin, a goblin, a ball python and 2 frilled lizards.

Vanquished Creatures
  Robin (D:2)
  3 dart slugs (D:1)
  2 bats
  2 giant cockroaches (D:1)
  2 goblins
  3 hobgoblins
  2 jackals (D:2)
  2 kobolds (D:2)
  6 rats
23 creatures vanquished.

Notes
Turn   | Place    | Note
-------+----------+-------------------------------------------
     0 | D:1      | diana the Vine Stalker Assassin began the quest for the Orb.
     0 | D:1      | Reached XP level 1. HP: 11/11 MP: 2/2
   486 | D:1      | Reached skill level 5 in Stealth
   501 | D:1      | Reached XP level 2. HP: 9/15 MP: 1/3
  1102 | D:2      | Reached XP level 3. HP: 18/18 MP: 4/4
  1127 | D:2      | Noticed Robin
  1136 | D:2      | Killed Robin
  1200 | D:2      | Slain by a ball python

Skill      XL: |  1 |
---------------+----+-----
Short Blades   | 2 |  2.7
Stealth        | 5 |  5.7
Fighting       | |  1.7
Throwing       | |  1.7
Dodging        | |  0.7

Action                   || total
-------------------------++-------
Melee: Dagger            ||    69
       Bite              ||    10
  Use: Scroll            ||     2
 Stab: Sleeping          ||     7
Armor: Robe              ||    18
Dodge: Dodged            ||    41
